 Dungeon Crawl Stone Soup version 0.29-a0-1008-g949cc1d0fb (webtiles) character file.

Game seed: 7740005040930309470

11 gelatine the Vexing (level 2, -1/19 HPs)
             Began as a Demonspawn Enchanter on Aug 8, 2022.
             Slain by a hobgoblin (3 damage)
             ... on level 1 of the Dungeon.
             The game lasted 00:01:03 (647 turns).

gelatine the Vexing (Demonspawn Enchanter)           Turns: 647, Time: 00:01:04

Health: -1/19      AC:  2    Str:  8    XL:     2   Next: 13%
Magic:  5/5        EV: 12    Int: 16    God:
Gold:   36         SH:  0    Dex: 13    Spells: 5/5 levels left

rFire   . . .      SeeInvis .   a - +1 dagger
rCold   . . .      Faith    .   (no shield)
rNeg    . . .      Spirit   .   b - +0 robe
rPois   .          Reflect  .   (no helmet)
rElec   .          Harm     .   (no cloak)
rCorr   .          Rampage  .   (no gloves)
Will    .....                   (no boots)
Stlth   ++........              (no amulet)
HPRegen 0.06/turn               (no ring)
MPRegen 0.09/turn               (no ring)

@: no status effects
A: powered by pain 1
a: no special abilities


You were on level 1 of the Dungeon.
You visited 1 branch of the dungeon, and saw 1 of its levels.

You collected 36 gold pieces.

Inventory:

Hand Weapons
 a - a +1 dagger (weapon)
Armour
 b - a +0 robe (worn)
Scrolls
 d - a scroll of poison {unknown}
Potions
 c - 2 potions of invisibility
 e - a potion of attraction {unknown}
 f - a potion of curing {unknown}


   Skills:
 + Level 1.1 Short Blades
 + Level 1.8 Dodging
 + Level 3.1 Stealth
 + Level 2.0 Spellcasting
 + Level 3.1 Hexes


You had 5 spell levels left.
You didn't know any spells.
Your spell library contained the following spells:

 Spells                   Type           Power      Damage    Failure   Level
 Ensorcelled Hibernation  Hex/Ice        12%        N/A       16%         2
 Confusing Touch          Hex            11%        N/A       17%         3
 Tukima's Dance           Hex            11%        N/A       17%         3
 Dazzling Flash           Conj/Hex       12%        N/A       32%         3


Dungeon Overview and Level Annotations

Branches:
Dungeon (1/15)

Altars:


Innate Abilities, Weirdness & Mutations

You sometimes gain a little power by taking damage.


Message History

You feel energised by your suffering.
You hit the jackal but do no damage.
The jackal bites you but does no damage.
You barely miss the jackal. The jackal closely misses you.
The jackal bites you.
You closely miss the jackal. The jackal barely misses you.
You hit the jackal.
The jackal is almost dead.
The jackal closely misses you.
You hit the jackal.
You kill the jackal!
The jackal misses you.
You miss the jackal. The jackal barely misses you.
You closely miss the jackal. The jackal barely misses you.
You closely miss the jackal. The jackal barely misses you.
The jackal completely misses you.
You barely miss the jackal. The jackal closely misses you.
You hit the jackal but do no damage.
The jackal bites you but does no damage.
You closely miss the jackal.
The jackal bites you but does no damage. x2
You barely miss the jackal. The jackal bites you.
You hit the jackal but do no damage. The jackal bites you.
You barely miss the jackal. The jackal barely misses you.
You closely miss the jackal. The jackal bites you.
* * * LOW HITPOINT WARNING * * *
The jackal bites you.
* * * LOW HITPOINT WARNING * * *
You hit the jackal but do no damage. The jackal completely misses you.
You closely miss the jackal.
The jackal bites you but does no damage.
The jackal bites you.
* * * LOW HITPOINT WARNING * * *
You hit the jackal.
The jackal is moderately wounded.
The jackal closely misses you.
You hit the jackal.
You kill the jackal!
You barely miss the hobgoblin. The hobgoblin hits you.
You die... #>......... ......# #####.##### ....... #######..#### ....._.
PPPPPPPP.PPPP .......
PPPPPP.....PP ...h.
PPPP..PPPPP.. .8.
PPP.PPP...PPP

.#####.#####PPP.PP.PPP.PP
......hg@...PP.PP.PP.PP.P
##.########.PP.P.PP.P.PP.
###.PP.P.P.PPP.P.
###...PP.P.PP.P.PP.
###..###PP.PP.PP.PP.P
##########..###


PPP.PP.PPP.PP .......#..### PPP.PPP...PPP ..≈≈≈..'.## PPPP..PPPPP..
.......#..### PPPPPP..<..PP You could see a jackal and a hobgoblin.

Vanquished Creatures
  A hobgoblin (D:1)
  3 jackals (D:1)
  A quokka (D:1)
  3 ball pythons (D:1)
  3 rats (D:1)
11 creatures vanquished.

Notes
Turn   | Place    | Note
-------+----------+-------------------------------------------
     0 | D:1      | gelatine the Demonspawn Enchanter began the quest for the
                  | Orb.
     0 | D:1      | Reached XP level 1. HP: 13/13 MP: 3/3
   390 | D:1      | Reached skill level 1 in Short Blades
   613 | D:1      | Found a faded altar of an unknown god.
   628 | D:1      | Gained mutation: You sometimes gain a little power by
                  | taking damage. [demonic ancestry]
   628 | D:1      | Reached XP level 2. HP: 10/19 MP: 5/5
   647 | D:1      | Slain by a hobgoblin

Illustrated notes

Levels and vault maps discovered:
D:1:      roderic_crop_circles_arrival_small, layout_loops_corners,
          hellmonk_ecumenical_altar_arch_garden, minmay_liquid_box,
          grunt_decor_clamped, minmay_tripent

Skill      XL: |  1 |
---------------+----+-----
Short Blades   | 1 |  1.1
Stealth        | 3 |  3.1
Dodging        | |  1.8
Spellcasting   | |  2.0
Hexes          | |  3.1

Action                   || total
-------------------------++-------
Melee: Dagger            ||    56
 Stab: Sleeping          ||     1
Armor: Robe              ||    12
Dodge: Dodged            ||    35

Table legend: (Time is in decaauts)
 A = Elapsed time spent in this place.
 B = Non-inter-level travel time spent in this place.
 C = Inter-level travel time spent in this place.
 D = Time resting spent in this place.
 E = Time spent auto-exploring this place.
 F = Levels seen in this place.
 G = Mean time per level.
                   A        B        C        D        E       F      G
               +--------+--------+--------+--------+--------+-----+--------+
         Total |    644 |    644 |      0 |      0 |    542 |   1 |  644.0 |
       Dungeon |    644 |    644 |      0 |      0 |    542 |   1 |  644.0 |
               +--------+--------+--------+--------+--------+-----+--------+

Top non-repeatable levels by time:
     D:1: 644 daAuts
